 Dungeon Crawl Stone Soup version 0.17.1-3-g152610e (webtiles) character file.

238087 Gargoyl the Tortoise (level 18, 0/161 HPs)
             Began as a Demonspawn Abyssal Knight on Apr 12, 2016.
             Was the Champion of Lugonu.
             Succumbed to a swamp dragon's poison gas
             ... on level 1 of the Swamp on Apr 14, 2016.
             The game lasted 02:43:26 (63639 turns).

Gargoyl the Tortoise (Demonspawn Abyssal Knight)   Turns: 63639, Time: 02:43:26

Health: 0/161      AC: 36    Str: 18    XL:     18   Next: 98%
Magic:  22/22      EV: 10    Int: 14    God:    Lugonu [******]
Gold:   2525       SH: 16    Dex: 15    Spells: 0 memorised, 20 levels left

rFire  + . .     SeeInvis +     d - +9 eveningstar (drain)
rCold  + + .     Clarity  +     J - +0 plate armour
rNeg   + . .     SustAt   +     R - +3 shield {AC+3}
rPois  .         Gourm    .     (helmet unavailable)
rElec  +         Spirit   .     a - +2 cloak
rCorr  .         Warding  .     S - +2 pair of gloves
rMut   .         Stasis   .     j - +2 pair of boots
MR     +....                    z - amulet of clarity
Stlth  ..........               N - ring of protection from fire
                                G - ring of sustain attributes

@: lethally poisoned (0 -> -75), about to teleport, very slightly contaminated,
studying Spellcasting, drained, somewhat resistant to hostile enchantments,
extremely unstealthy
A: antennae 3, thin metallic scales 3, see invisible, agile 1, clarity, cold
resistance 2, dopey 1, foul stench 2, negative energy resistance 1, robust 1,
rot immunity, freezing cloud immunity, subdued magic 1
a: Depart the Abyss, Bend Space, Banish, Corrupt, Enter the Abyss, Brand Weapon
With Distortion, Renounce Religion
}: 1/15 runes: gossamer


You were on level 1 of the Swamp.
You worshipped Lugonu.
Lugonu was exalted by your worship.
You were not hungry.

You visited 6 branches of the dungeon, and saw 31 of its levels.
You visited the Abyss 1 time.
You also visited: Ice Cave.

You collected 3354 gold pieces.
You spent 829 gold pieces at shops.

Inventory:

Hand Weapons
 d - a +9 eveningstar of draining (weapon)
 m - the cursed +2 war axe of Cuedef {drain, rC+ MR+ Str+2}
   (You found it on level 11 of the Dungeon)

   A truly terrible weapon, it drains the life of those it strikes.
   It affects your strength (+2).
   It protects you from cold.
   It affects your resistance to hostile enchantments.
   It has a curse placed upon it.
 M - a +0 war axe of flaming
 T - a +0 broad axe of chopping
 V - a +0 broad axe
Missiles
 U - 9 javelins (quivered)
Armour
 a - a +2 cloak (worn)
 j - a +2 pair of boots (worn)
 J - a +0 plate armour (worn)
 R - a +3 shield of protection (worn)
 S - a +2 pair of gloves (worn)
Jewellery
 v - an uncursed ring of positive energy
 z - an amulet of clarity (around neck)
 G - a ring of sustain attributes (left hand)
 N - a ring of protection from fire (right hand)
Wands
 h - a wand of digging (3)
 k - a wand of paralysis (9)
 t - a wand of paralysis (7)
 y - a wand of digging (12)
 D - a wand of heal wounds (0)
 P - a wand of disintegration (5)
Scrolls
 b - a scroll of identify
 g - a scroll of amnesia
 i - 16 scrolls of remove curse
 o - 5 scrolls of magic mapping
 p - 2 scrolls of teleportation
 x - 5 scrolls of recharging
 C - 2 scrolls of fog
Potions
 n - 2 potions of brilliance
 q - 4 potions of flight
 w - a potion of agility
 A - 2 potions of resistance
 E - 3 potions of cancellation
 H - a potion of invisibility
 L - a potion of magic
 X - 2 potions of might
Books
 c - a manual of Spellcasting
 l - the Papyrus of Destructive Transformation
   (You found it on level 1 of the Spider Nest)

   Spells                             Type                      Level
   a - Flame Tongue                   Conjuration/Fire             1
   b - Beastly Appendage              Transmutation                1
   c - Sticks to Snakes               Transmutation                2
   d - Alistair's Intoxication        Transmutation/Poison         4
   e - Irradiate                      Conjuration/Transmutation    5
   f - Statue Form                    Transmutation/Earth          6
 B - a Grand Grimoire

   Spells                             Type                      Level
   a - Monstrous Menagerie            Summoning                    6
   b - Summon Greater Demon           Summoning                    7
   c - Malign Gateway                 Summoning/Translocation      7
   d - Summon Horrible Things         Summoning                    8
Miscellaneous
 e - a phial of floods
Comestibles
 f - 13 meat rations


   Skills:
 + Level 14.7(14.5) Fighting
 + Level 2.8(11.0) Axes
 + Level 16.1(16.0) Maces & Flails
 + Level 2.0(1.8) Throwing
 * Level 17.3(17.1) Armour
 + Level 7.3(7.1) Dodging
 + Level 3.3(3.2) Stealth
 + Level 13.0(12.9) Shields
 + Level 1.6(1.5) Unarmed Combat
 + Level 1.8(1.7) Spellcasting
 + Level 5.8(5.6) Invocations
 + Level 2.0(1.8) Evocations


You had 20 spell levels left.
You didn't know any spells.

Dungeon Overview and Level Annotations

Branches:
Dungeon (13/15)            Temple (0/1) D:4            Lair (8/8) D:8
  Swamp (1/4) Lair:3       Spider (4/4) Lair:3        Slime (0/6) Lair:8
    Orc (4/4) D:11            Elf (0/3) Orc:3        Vaults (1/5) D:13

Altars:
Ashenzari
Dithmenos
Elyvilon
Gozag
Makhleb
Okawaru
Qazlal
Sif Muna
Trog
Vehumet
Yredelemnul
Jiyva

Shops:
D:4 !   D:12 !   Orc:1 *   Orc:3 %   Orc:4 %**%

Annotations:
D:8 1 exclusion


Innate Abilities, Weirdness & Mutations

You have a pair of large antennae on your head (SInv).
You are completely covered in thin metallic scales (AC +4, rElec).
Your flesh is very cold resistant.
You frequently emit foul miasma when damaged in melee.
You resist negative energy.
You are immune to rotting.
You are immune to freezing clouds.
You have supernaturally acute eyesight.
You are agile. (Dex +2)
You possess an exceptional clarity of mind.
You are dopey. (Int -2)
You are robust (+10% HP).
Your spells are a little easier to cast, but a little less powerful.


Message History

Zapping:
D - a wand of heal wounds (1)
Press: ? - help, Shift-Dir - straight line, f - you You feel much better.
This wand has 0 charges left.
You are engulfed in spectral mist.
* * * LOW HITPOINT WARNING * * *
You feel extremely sick.
The spectral alligator fades away!
The spectral infernal demonspawn hits you but does no damage.
You block the bog body's attack. x2
The giant leech is engulfed in spectral mist.
The giant leech bites you!!
* * * LOW HITPOINT WARNING * * *
A four-headed hydra comes into view.
Read which item? (? for menu, Esc to quit)
Blink to where?
Press: ? - help, Dir - move target cursor You are very lightly contaminated with residual magic.
As you read the scroll of blinking, it crumbles to dust.
A bog body comes into view.
You die...

♣≈≈♣..##.##
♣≈≈...#...#.
♣♣≈≈≈.§...§..
♣.§≈§§§.§§§#
≈.§§.Z#§##.
♣§§Z§§.... {
♣§wt#{ { ..≈
♣§§.########....≈
♣♣Zn§....@...≈≈≈♣
♣Z§........n≈≈≈≈
♣♣≈.w.≈≈..≈.≈≈≈♣
♣♣.w≈.≈D.≈.≈≈.♣
♣♣≈≈§§...≈≈≈≈.
♣♣.§≈≈♣≈≈≈≈.♣
♣..≈.♣≈♣≈.♣♣
.≈§≈..≈≈≈.♣


You could see a four-headed hydra (wandering), a spectral iron dragon, a
spectral infernal demonspawn, 2 bog bodies and 2 swamp worms.

Vanquished Creatures
  Norris (Spider:2)
  Nikola (Vaults:1)
  Arachne (Spider:2)
  Gastronok (D:8)
  Frances (D:12)
  6 ghost moths
  Donald (Vaults:1)
  Maud (D:13)
  8 emperor scorpions
  2 vault wardens (Vaults:1)
  2 orc warlords
  2 ironheart preservers (Vaults:1)
  A stone giant (Orc:2)
  A salamander stormcaller (Vaults:1)
  3 vault guards
  2 fire dragons (Vaults:1)
  6 entropy weavers
  12 hydras
  3 catoblepae (Lair:8)
  3 great orbs of eyes (Vaults:1)
  Erica (D:8)
  4 centaur warriors
  2 ogre magi (Vaults:1)
  21 death yaks
  Urug (Orc:2)
  A shadow wraith (Vaults:1)
  A fire crab (Lair:7)
  A swamp dragon (Swamp:1)
  5 unseen horrors
  5 orc knights
  2 ironbrand convokers (Vaults:1)
  Pikel (D:9)
  4 hill giants
  3 griffons (Vaults:1)
  48 wolf spiders
  21 orb spiders
  6 hornets
  2 manticores
  5 orc sorcerers
  30 ugly things
  2 oklob plants
  4 cyclopes
  A harpy (Vaults:1)
  2 moths of wrath
  21 elephants
  Maurice (D:8)
  2 vault sentinels (Vaults:1)
  2 ice statues (IceCv)
  6 black mambas
  7 torpor snails
  14 yaktaurs
  10 komodo dragons
  17 spiny frogs
  2 fire drakes
  14 demonic crawlers
  A yaktaur (shapeshifter) (Vaults:1)
  3 trolls
  9 two-headed ogres
  A blink frog (shapeshifter) (Vaults:1)
  10 blink frogs
  44 jumping spiders
  A boulder beetle (Orc:1)
  A frost giant simulacrum (Vaults:1)
  22 slime creatures
  3 wraiths (Vaults:1)
  6 wyverns
  78 redbacks
  A deep elf mage (D:13)
  2 hungry ghosts
  A shadow (D:9)
  A human (D:7)
  37 trapdoor spiders
  28 tarantellas
  5 basilisks
  A hill giant zombie (D:11)
  103 yaks
  8 vampire mosquitoes
  Menkaure (D:6)
  10 hippogriffs
  14 water moccasins
  6 wargs
  A mottled dragon (Vaults:1)
  A soldier ant (D:13)
  3 wolves (Lair:5)
  A swamp drake (Swamp:1)
  34 orc warriors
  4 sky beasts
  A black bear (D:11)
  6 phantoms
  16 porcupines
  12 ogres
  A necrophage (D:7)
  38 spiders
  19 ice beasts
  4 wasps
  18 centaurs
  A wasp (shapeshifter) (Vaults:1)
  24 crocodiles
  An eye of draining (D:13)
  A slave (D:9)
  3 big kobolds
  2 brain worms (D:12)
  Blork the orc (D:7)
  15 giant frogs
  A gnoll sergeant (D:9)
  A troll zombie (D:11)
  8 electric eels
  18 wights
  13 killer bees
  12 scorpions
  3 lava snakes (D:9)
  3 crimson imps
  A giant frog zombie (D:13)
  7 jellies
  2 centaur skeletons
  11 iguanas
  A yaktaur simulacrum (Vaults:1)
  21 orc priests
  6 hounds
  31 orc wizards
  14 worker ants
  A statue (D:7)
  18 sheep
  6 ogre zombies (D:11)
  2 hound skeletons
  2 worker ant zombies
  47 river rats
  16 gnolls
  18 adders
  A shadow imp (D:12)
  4 oozes
  2 adder zombies
  2 worms (D:2)
  4 adder skeletons
  4 giant geckos
  210 orcs
  12 bats
  15 giant cockroaches
  5 hobgoblins
  15 kobolds
  4 quokkas
  3 ball pythons
  A giant gecko skeleton (D:8)
  3 giant newts
  7 goblins
  2 goblin skeletons (D:11)
  4 goblin zombies (D:11)
  2 hobgoblin skeletons (D:11)
  A hobgoblin zombie (D:11)
  20 jackals
  A jackal skeleton (D:6)
  An orc skeleton (D:11)
  15 orc zombies (D:11)
  2 quokka zombies (D:6)
  9 rats
  A fungus (Lair:5)
1544 creatures vanquished.

Vanquished Creatures (others)
  The ghost of Wabnappa the Blocker, a journeyman DsGl of Qazlal (Lair:8)
  A yaktaur captain (Vaults:1)
  The ghost of smzp the Nimble, a journeyman KoCK of Xom (Lair:1)
  A swamp dragon (Swamp:1)
  An orb spider (Spider:4)
  An elephant (Lair:3)
  A torpor snail (Spider:1)
  2 spiny frogs (Lair:2)
  3 yaktaurs (Vaults:1)
  An ice beast (D:9)
  A slave (D:9)
  A swamp drake (Swamp:1)
  3 orcs
  A bush (Lair:8)
  50 fungi
  34 plants
103 creatures vanquished.

Grand Total: 1647 creatures vanquished

Notes
Turn   | Place    | Note
--------------------------------------------------------------
     0 | Abyss:1  | Gargoyl the Demonspawn Abyssal Knight began the quest for the Orb.
     0 | Abyss:1  | Reached XP level 1. HP: 18/18 MP: 2/2
    35 | Abyss:2  | Noticed a white very ugly thing
    36 | Abyss:2  | Noticed a large abomination
    36 | D:1      | Escaped the Abyss
    65 | D:1      | Reached * piety under Lugonu
   226 | D:1      | Gained mutation: Your flesh is cold resistant. [demonic ancestry]
   226 | D:1      | Reached XP level 2. HP: 24/24 MP: 4/4
   486 | D:1      | Reached skill level 1 in Dodging
  1054 | D:2      | Gained mutation: You are partially covered in thin metallic scales (AC +2). [demonic ancestry]
  1054 | D:2      | Reached XP level 3. HP: 29/29 MP: 5/5
  1493 | D:2      | HP: 1/29 [gnoll/spear (7)]
  1530 | D:1      | Reached skill level 1 in Maces & Flails
  1530 | D:1      | Gained mutation: You have a pair of small antennae on your head. [demonic ancestry]
  1530 | D:1      | Reached XP level 4. HP: 6/36 MP: 6/6
  1820 | D:2      | Reached ** piety under Lugonu
  2283 | D:3      | Found an opulent altar of Gozag.
  2684 | D:3      | Found a basalt altar of Yredelemnul.
  2766 | D:3      | Found an iron altar of Okawaru.
  3058 | D:3      | Reached skill level 1 in Stealth
  3061 | D:3      | Gained mutation: You are mostly covered in thin metallic scales (AC +3). [demonic ancestry]
  3061 | D:3      | Reached XP level 5. HP: 34/42 MP: 7/7
  3781 | D:2      | Found a deep blue altar of Sif Muna.
  4105 | D:3      | Found a bloodstained altar of Trog.
  4169 | D:4      | Found a viscous altar of Jiyva.
  4173 | D:4      | Reached skill level 4 in Fighting
  4475 | D:4      | Found a stormy altar of Qazlal.
  4586 | D:4      | Noticed a phantom
  4613 | D:4      | Killed a phantom
  4613 | D:4      | Gained mutation: You are immune to rotting. [demonic ancestry]
  4613 | D:4      | Reached XP level 6. HP: 33/48 MP: 8/8
  4713 | D:4      | Found Xoxis's Distillery.
  4726 | D:4      | Bought a potion of mutation for 25 gold pieces
  4726 | D:4      | Gained mutation: Your mind is acute. (Int +2) [potion of mutation]
  4726 | D:4      | Gained mutation: You expend magic power (3 MP) to strengthen your wands. [potion of mutation]
  4726 | D:4      | Gained mutation: You can translocate small distances at will. [potion of mutation]
  4801 | D:4      | Found a staircase to the Ecumenical Temple.
  5271 | D:5      | Entered Level 5 of the Dungeon
  5818 | D:5      | Found a shadowy altar of Dithmenos.
  5870 | D:5      | Found a white marble altar of Elyvilon.
  6362 | D:6      | Noticed Blork the orc
  6363 | D:6      | Noticed Menkaure
  6394 | D:7      | Killed Blork the orc
  6394 | D:7      | Reached *** piety under Lugonu
  6394 | D:7      | Reached XP level 7. HP: 47/55 MP: 9/9
  6459 | D:6      | Killed Menkaure
  6630 | D:6      | Reached skill level 5 in Fighting
  6842 | D:6      | Reached skill level 5 in Armour
  6842 | D:6      | Reached XP level 8. HP: 37/62 MP: 10/10
  7621 | D:6      | Lost mutation: You can translocate small distances at will. [mutagenic meat]
  7716 | D:7      | Found a radiant altar of Vehumet.
  7808 | D:7      | Reached skill level 6 in Armour
  8060 | D:7      | Reached **** piety under Lugonu
  8124 | D:7      | Noticed a human
  8134 | D:7      | Killed a human
  8149 | D:7      | HP: 3/64 [sheep (8)]
  8316 | D:7      | Gained mutation: You may emit foul miasma when damaged in melee. [demonic ancestry]
  8316 | D:7      | Reached XP level 9. HP: 69/69 MP: 11/11
  8323 | D:7      | Reached skill level 5 in Maces & Flails
  8429 | D:7      | Found a shattered altar of Ashenzari.
  8887 | D:7      | Reached skill level 7 in Armour
  8888 | D:7      | Found a burning altar of Makhleb.
  9944 | D:8      | Found a staircase to the Lair.
  9958 | D:8      | Reached skill level 8 in Armour
  9993 | D:8      | Noticed Maurice
 10004 | D:8      | Killed Maurice
 10045 | D:8      | Gained mutation: You are immune to freezing clouds. [demonic ancestry]
 10045 | D:8      | Reached XP level 10. HP: 58/79 MP: 12/12
 10644 | D:8      | Reached ***** piety under Lugonu
 11254 | Lair:1   | Entered Level 1 of the Lair of Beasts
 11254 | Lair:1   | Noticed smzp's ghost (journeyman KoCK)
 11289 | D:8      | HP: 3/79 [poisoned by smzp's ghost]
 11294 | D:8      | HP: 2/79 [poisoned by smzp's ghost]
 11301 | D:8      | HP: 2/79 [poisoned by smzp's ghost]
 11309 | D:8      | HP: 2/79 [poisoned by smzp's ghost]
 11656 | Lair:1   | Banished smzp's ghost
 11696 | Lair:1   | Reached skill level 9 in Armour
 11705 | Lair:1   | Noticed a five-headed hydra
 11714 | Lair:1   | Killed a five-headed hydra
 11714 | Lair:1   | Reached skill level 1 in Shields
 12223 | D:9      | Noticed Gastronok
 12238 | D:8      | Killed Gastronok
 12238 | D:8      | Gained mutation: You frequently emit foul miasma when damaged in melee. [demonic ancestry]
 12238 | D:8      | Reached XP level 11. HP: 56/87 MP: 13/13
 12264 | D:8      | Reached skill level 10 in Armour
 12524 | D:9      | Noticed Pikel
 12560 | D:9      | Killed Pikel
 12928 | D:9      | Noticed Erica
 12930 | D:9      | Noticed a cyan ugly thing
 12948 | D:8      | Killed a cyan ugly thing
 13079 | D:8      | Reached skill level 5 in Dodging
 13236 | D:8      | HP: 6/130 [poisoned by Erica (bolt of poison)]
 13238 | D:8      | Killed Erica
 13241 | D:8      | HP: 4/130 [poisoned by Erica (bolt of poison)]
 13248 | D:8      | HP: 3/130 [poisoned by Erica (bolt of poison)]
 13255 | D:8      | HP: 3/130 [poisoned by Erica (bolt of poison)]
 13263 | D:8      | HP: 2/87 [poisoned by Erica (bolt of poison)]
 14294 | D:9      | Gained mutation: You are clumsy. (Dex -2) [mutagenic meat]
 14295 | D:9      | Gained mutation: Your system is resistant to poisons. [mutagenic meat]
 14296 | D:9      | Gained mutation: You are somewhat resistant to further mutation. [mutagenic meat]
 14328 | D:9      | Reached skill level 1 in Throwing
 14328 | D:9      | Reached skill level 1 in Unarmed Combat
 14328 | D:9      | Reached skill level 1 in Spellcasting
 14328 | D:9      | Reached skill level 5 in Invocations
 14328 | D:9      | Gained mutation: You have a pair of antennae on your head. [demonic ancestry]
 14328 | D:9      | Reached XP level 12. HP: 92/95 MP: 15/15
 14744 | Lair:1   | Reached skill level 11 in Armour
 14845 | Lair:1   | Noticed a black mamba
 14854 | Lair:1   | Killed a black mamba
 15881 | Lair:3   | Found a hole to the Spider Nest.
 16216 | Lair:3   | Found a staircase to the Swamp.
 16356 | Lair:3   | Found a runed door.
 16360 | Lair:3   | Noticed a six-headed hydra
 16383 | Lair:3   | HP: 3/96 [six-headed hydra (5)]
 16752 | Lair:3   | Killed a six-headed hydra
 17358 | Lair:2   | Reached XP level 13. HP: 102/102 MP: 16/16
 17868 | Lair:2   | Reached skill level 12 in Armour
 18263 | Lair:2   | Noticed a five-headed hydra
 18274 | Lair:2   | Killed a five-headed hydra
 18453 | Lair:2   | Reached skill level 10 in Fighting
 18844 | Lair:3   | Reached skill level 5 in Shields
 19492 | Lair:3   | Reached skill level 10 in Maces & Flails
 20367 | Lair:4   | Gained mutation: Potions and wands are less effective at restoring your health. [potion of mutation]
 21535 | Lair:4   | Reached skill level 13 in Armour
 22785 | Lair:5   | Reached ****** piety under Lugonu
 23917 | Lair:6   | Gained mutation: You have a pair of large antennae on your head (SInv). [demonic ancestry]
 23917 | Lair:6   | Reached XP level 14. HP: 82/111 MP: 18/18
 27879 | Lair:8   | Entered Level 8 of the Lair of Beasts
 27884 | Lair:8   | Noticed Wabnappa's ghost (journeyman DsGl)
 28377 | Lair:7   | Reached skill level 14 in Armour
 29574 | Lair:8   | HP: 5/113 [Wabnappa's ghost (4)]
 29575 | Lair:8   | Banished Wabnappa's ghost
 31992 | Lair:8   | Reached XP level 15. HP: 119/119 MP: 19/19
 32853 | Lair:8   | Found a viscous altar of Jiyva.
 32853 | Lair:8   | Found a staircase to the Slime Pits.
 34082 | D:10     | Entered Level 10 of the Dungeon
 34476 | D:10     | Reached skill level 15 in Armour
 35318 | D:11     | Got a jewelled war axe
 35319 | D:11     | Identified the cursed +2 war axe of Cuedef {drain, rC+ MR+ Str+2} (You found it on level 11 of the Dungeon)
 35537 | D:11     | Found a staircase to the Orcish Mines.
 36122 | D:11     | Gained mutation: You have large cloven feet. [mutagenic meat]
 36125 | D:11     | Lost mutation: Your system is resistant to poisons. [mutagenic meat]
 36358 | Orc:1    | Entered Level 1 of the Orcish Mines
 36387 | Orc:1    | Found a frozen archway.
 36424 | IceCv    | Entered an ice cave
 37026 | Orc:1    | Found Foasy's General Store.
 37252 | Orc:1    | Bought a scroll of blinking for 97 gold pieces
 37730 | Orc:2    | Noticed Urug
 37744 | Orc:2    | Killed Urug
 39335 | Orc:3    | Found Joelyij's Food Boutique.
 39866 | Orc:3    | Found a staircase to the Elven Halls.
 40197 | Orc:4    | Entered Level 4 of the Orcish Mines
 41007 | Orc:4    | Paralysed by an orc sorcerer for 2 turns
 41261 | Orc:4    | Found Veikluzei's Assorted Antiques.
 41261 | Orc:4    | Found Joitzuas's General Store.
 41263 | Orc:4    | Found Soomur's Food Boutique.
 41274 | Orc:4    | Found Deotuedo's Food Emporium.
 41586 | Orc:4    | Bought a scroll of blinking for 105 gold pieces
 42493 | D:12     | Found Yhonweci's Distillery.
 42524 | D:12     | Noticed Frances
 42525 | D:12     | Bought a potion of heal wounds for 70 gold pieces
 42525 | D:12     | Bought a potion of curing for 42 gold pieces
 42525 | D:12     | Bought a potion of cure mutation for 490 gold pieces
 42525 | D:12     | Lost mutation: Potions and wands are less effective at restoring your health. [potion of cure mutation]
 42525 | D:12     | Lost mutation: You are somewhat resistant to further mutation. [potion of cure mutation]
 42525 | D:12     | Lost mutation: Your mind is acute. (Int +2) [potion of cure mutation]
 42525 | D:12     | Lost mutation: You have large cloven feet. [potion of cure mutation]
 42525 | D:12     | Lost mutation: You expend magic power (3 MP) to strengthen your wands. [potion of cure mutation]
 42525 | D:12     | Lost mutation: You are clumsy. (Dex -2) [potion of cure mutation]
 42854 | D:12     | Reached XP level 16. HP: 117/128 MP: 20/20
 42958 | D:12     | Killed Frances
 43728 | D:13     | Gained mutation: You have sharp toenails. [mutagenic meat]
 43729 | D:13     | Gained mutation: You are robust (+10% HP). [mutagenic meat]
 43730 | D:13     | Gained mutation: Your spells are a little easier to cast, but a little less powerful. [mutagenic meat]
 43731 | D:13     | Gained mutation: You are weak. (Str -2) [mutagenic meat]
 43944 | D:13     | Noticed Maud
 43953 | D:13     | Killed Maud
 44591 | D:13     | Found a gate to the Vaults.
 44973 | Spider:1 | Entered Level 1 of the Spider Nest
 45923 | Spider:1 | Reached skill level 10 in Shields
 46780 | Spider:1 | Identified the Papyrus of Destructive Transformation
 49520 | Spider:2 | Noticed Arachne
 49725 | Spider:2 | Killed Arachne
 49725 | Spider:2 | Reached skill level 16 in Armour
 49761 | Spider:2 | Noticed Norris
 50486 | Spider:2 | Reached XP level 17. HP: 95/150 MP: 21/21
 50900 | Spider:2 | Paralysed by Norris for 3 turns
 50920 | Spider:2 | Killed Norris
 51725 | Spider:3 | Gained mutation: You are somewhat resistant to further mutation. [potion of beneficial mutation]
 52662 | Spider:4 | Entered Level 4 of the Spider Nest
 54550 | Spider:4 | Got a crude dagger
 55607 | Spider:3 | Paralysed by a hornet for 3 turns
 55908 | Spider:3 | Paralysed by a wasp for 1 turns
 57247 | Spider:4 | Gained mutation: You resist negative energy. [demonic ancestry]
 57247 | Spider:4 | Reached XP level 18. HP: 115/160 MP: 22/22
 58103 | Spider:4 | Got a gossamer rune of Zot
 59318 | Vaults:1 | Entered Level 1 of the Vaults
 59379 | Vaults:1 | Reached skill level 15 in Maces & Flails
 59682 | Vaults:1 | Noticed Nikola
 59701 | Vaults:1 | Killed Nikola
 59742 | Vaults:1 | HP: 6/160 [yaktaur/bolt[a vault warden] (7)]
 59788 | Vaults:1 | Noticed Donald
 60205 | Vaults:1 | Reached skill level 17 in Armour
 60227 | Vaults:1 | Gained mutation: You are agile. (Dex +2) [mutagenic meat]
 60231 | Vaults:1 | Gained mutation: You are completely covered in thin metallic scales (AC +4, rElec). [mutagenic meat]
 60553 | Vaults:1 | Gained mutation: Your flesh is very cold resistant. [mutagenic meat]
 60554 | Vaults:1 | Gained mutation: You possess an exceptional clarity of mind. [mutagenic meat]
 60559 | Vaults:1 | Lost mutation: You have sharp toenails. [mutagenic meat]
 60560 | Vaults:1 | Gained mutation: You have supernaturally acute eyesight. [mutagenic meat]
 60566 | Vaults:1 | Identified the +10 dagger of Annoyance {flame, Str+3 Int+4} (You found it on level 4 of the Spider Nest)
 61337 | Vaults:1 | Killed Donald
 61360 | Vaults:1 | Lost mutation: You are weak. (Str -2) [mutagenic meat]
 63318 | Vaults:1 | Lost mutation: You are somewhat resistant to further mutation. [mutagenic meat]
 63322 | Vaults:1 | Gained mutation: You are dopey. (Int -2) [mutagenic meat]
 63615 | Swamp:1  | Entered Level 1 of the Swamp
 63638 | Swamp:1  | HP: 7/161 [giant leech (20)]
 63639 | Swamp:1  | Succumbed to a swamp dragon's poison gas

Action                   |  1- 3 |  4- 6 |  7- 9 | 10-12 | 13-15 | 16-18 || total
-------------------------+-------+-------+-------+-------+-------+-------++-------
Melee: Eveningstar       |    77 |   196 |   415 |   526 |  2419 |  2320 ||  5953
Throw: Tomahawk          |       |       |       |     2 |     5 |       ||     7
       Javelin           |       |       |       |       |     4 |     2 ||     6
Invok: Depart the Abyss  |     1 |       |       |       |       |       ||     1
       Banish            |       |       |       |     4 |     4 |     2 ||    10
       Bend Space        |       |       |       |       |     1 |       ||     1
Evoke: Wand              |       |       |       |     2 |       |     3 ||     5
  Use: Potion            |       |     1 |     2 |    14 |     8 |    12 ||    37
       Scroll            |       |     1 |     9 |     2 |    36 |    14 ||    62
 Stab: Sleeping          |       |     1 |       |       |       |       ||     1
       Invisible         |       |       |       |     2 |       |       ||     2
  Eat: Chunk             |     1 |     6 |     7 |    19 |    39 |    42 ||   114
       Bread ration      |       |     2 |     1 |       |     3 |    11 ||    17
       Fruit             |       |     3 |       |    10 |     9 |     2 ||    24
       Pizza             |       |       |     1 |     3 |     7 |     2 ||    13
       Beef jerky        |       |       |       |       |    10 |     1 ||    11
       Royal jelly       |       |       |       |       |     2 |       ||     2
       Meat ration       |       |       |       |       |     1 |     1 ||     2
